 Dungeon Crawl Stone Soup version 0.27-a0-951-gae3e1deef5 (webtiles) character file.

Game seed: 7167149939525913606

255 polve the Cutter (level 5, 0/42 HPs)
             Began as a Demonspawn Abyssal Knight on Apr 11, 2021.
             Was a Believer of Lugonu.
             Succumbed to a scorpion's poison
             ... in an ossuary.
             The game lasted 00:02:49 (4881 turns).

polve the Cutter (Demonspawn Abyssal Knight)        Turns: 4881, Time: 00:02:49

Health: 0/42       AC:  4    Str: 13    XL:     5   Next: 91%
Magic:  6/6        EV: 11    Int: 13    God:    Lugonu [**....]
Gold:   185        SH:  0    Dex: 13    Spells: 4/4 levels left

rFire    . . .     SeeInvis .   c - +0 dagger (protect)
rCold    . . .     Faith    .   (no shield)
rNeg     . . .     Spirit   .   b - +0 leather armour
rPois    .         Reflect  .   (helmet restricted)
rElec    .         Harm     .   (no cloak)
rCorr    .         Rampage  .   (no gloves)
Will     .....                  (no boots)
Stlth    +.........             (no amulet)
HPRegen  0.14/turn              (no ring)
MPRegen  0.10/turn              (no ring)

@: lethally poisoned (0 -> -10)
A: horns 1, rugged brown scales 1
a: Renounce Religion, Depart the Abyss, Bend Space


You were in an ossuary.
You worshipped Lugonu.
Lugonu was pleased with you.
You visited 1 branch of the dungeon, and saw 4 of its levels.
You visited the Abyss 1 time.
You also visited: Ossuary.

You collected 185 gold pieces.

Inventory:

Hand Weapons
 a - a +1 short sword
 c - a +0 dagger of protection (weapon)
Missiles
 f - 4 atropa-tipped darts
Armour
 b - a +0 leather armour (worn)
 h - a +0 pair of gloves
 j - a +0 cloak
 p - a +0 helmet
 s - a +0 hat
Wands
 q - a wand of random effects (9)
 t - a wand of charming (9)
Scrolls
 e - a scroll of enchant armour {unknown}
 g - a scroll of teleportation {unknown}
 i - a scroll of amnesia {unknown}
 k - a scroll of noise {unknown}
 m - a scroll of vulnerability {unknown}
 n - 3 scrolls of identify {unknown}
Potions
 l - a potion of lignification {unknown}
 o - a potion of flight {unknown}
 r - a potion of degeneration {unknown}


   Skills:
 - Level 3.0 Fighting
 + Level 5.7 Short Blades
 - Level 1.7 Armour
 - Level 0.8 Dodging
 - Level 2.4 Invocations


You had 4 spell levels left.
You didn't know any spells.
Your spell library contained the following spells:

 Spells                   Type           Power      Damage    Failure   Level
 Corona                   Hex            0%         N/A       36%         1
 Ensorcelled Hibernation  Hex/Ice        0%         N/A       52%         2
 Confusing Touch          Hex            0%         N/A       75%         3
 Dazzling Flash           Conj/Hex       0%         N/A       75%         3
 Tukima's Dance           Hex            0%         N/A       75%         3


Dungeon Overview and Level Annotations

Branches:
Dungeon (4/15)            Ossuary (1/1)
 Temple: D:4-7

Altars:
Elyvilon
Wu Jian


Innate Abilities, Weirdness & Mutations

You have a pair of small horns on your head.
You are partially covered in rugged brown scales. (AC +1, +3% HP)


Message History

You hit the scorpion but do no damage.
You headbutt the scorpion, but do no damage.
The scorpion is moderately wounded.
An arrow hits the orc zombie!
The orc zombie is destroyed!
The scorpion closely misses you.
You hit the scorpion but do no damage.
You headbutt the scorpion, but do no damage.
The scorpion is moderately wounded.
The scorpion stings you but does no damage.
You closely miss the scorpion.
The scorpion is moderately wounded.
The scorpion stings you!
The scorpion stings you but does no damage.
An arrow hits the human zombie!
You hit the scorpion but do no damage.
The scorpion stings you but does no damage. x2
You hit the scorpion. Your headbutt misses the scorpion.
The scorpion is lightly wounded.
The scorpion stings you.
* * * LOW HITPOINT WARNING * * *
You are lethally poisoned!
The scorpion poisons you!
The scorpion stings you but does no damage.
You hit the scorpion but do no damage.
You headbutt the scorpion, but do no damage.
The scorpion is lightly wounded.
* * * LOW HITPOINT WARNING * * *
You feel very sick. The scorpion closely misses you. x2
You feel better. The scorpion barely misses you. The scorpion stings you.
* * * LOW HITPOINT WARNING * * *
The scorpion stings you but does no damage.
The scorpion stings you!
* * * LOW HITPOINT WARNING * * *
You are lethally poisoned!
The scorpion poisons you!
* * * LOW HITPOINT WARNING * * *
You feel very sick.
You die...

#####################
#...#...#...#^^^#!!.#
#.∩.#...8..Z'^^^#M..+
#...#....s..#.^^#=?!#
##'###8..s8###'######
#...#..@....#...#...#
#.∩.'...8...#...8...#
#...#...#...#.Z.....#
##############8...8##
.......# ...8...#
#...#...# #########


You could see 2 scorpions and a human zombie.

Vanquished Creatures
  A scorpion (Ossuary)
  7 adders
  4 gnolls (D:4)
  2 worms
  3 dart slugs
  6 orcs
  4 bats
  5 endoplasms
  2 giant cockroaches
  6 goblins
  5 hobgoblins
  5 jackals (D:1)
  4 kobolds
  4 quokkas
  5 ball pythons
  4 frilled lizards
  A hobgoblin zombie (D:4)
  9 rats
77 creatures vanquished.

Vanquished Creatures (others)
  A hobgoblin zombie (Ossuary)
  A kobold zombie (Ossuary)
  An orc zombie (Ossuary)
3 creatures vanquished.

Grand Total: 80 creatures vanquished

Notes
Turn   | Place    | Note
-------+----------+-------------------------------------------
     0 | Abyss:1  | polve the Demonspawn Abyssal Knight began the quest for the
                  | Orb.
     0 | Abyss:1  | Reached XP level 1. HP: 18/18 MP: 2/2
    55 | Abyss:1  | Noticed a green death
    63 | D:1      | Escaped the Abyss
   110 | D:1      | Reached skill level 2 in Short Blades
   181 | D:1      | Reached * piety under Lugonu
   308 | D:1      | Gained mutation: You are partially covered in rugged brown
                  | scales. (AC +1, +3% HP) [demonic ancestry]
   308 | D:1      | Reached XP level 2. HP: 13/24 MP: 3/3
   723 | D:1      | Reached skill level 3 in Short Blades
   885 | D:1      | Reached XP level 3. HP: 28/29 MP: 4/4
  1962 | D:2      | Reached skill level 4 in Short Blades
  1962 | D:2      | Reached XP level 4. HP: 36/36 MP: 5/5
  2895 | D:2      | Reached ** piety under Lugonu
  3103 | D:3      | Found a faded altar of an unknown god.
  3565 | D:3      | Found an ornate altar of the Wu Jian Council.
  3724 | D:3      | Gained mutation: You have a pair of small horns on your
                  | head. [demonic ancestry]
  3724 | D:3      | Reached XP level 5. HP: 28/42 MP: 6/6
  4355 | D:4      | Reached skill level 5 in Short Blades
  4522 | D:4      | Found a sand-covered staircase.
  4531 | Ossuary  | Entered an ossuary
  4881 | Ossuary  | Succumbed to a scorpion's poison

Illustrated notes

Levels and vault maps discovered:
D:1:      scummos_arrival_simple_crosswalls, layout_basic
D:2:      layout_loops_cross, hex_large
D:3:      layout_rooms, lemuel_doored_altar, nicolae_wu_jian_wuxing_cycle,
          hellmonk_ecumenical_altar_lost_god, wad_orctagon
D:4:      layout_basic, serial_shops, nicolae_shop_crystal, enter_ossuary_3
Ossuary:  ossuary_minmay_scorpions

Skill      XL: |  1  2  3  4  5 |
---------------+----------------+-----
Short Blades   | 2 3 4 5 |  5.7
Fighting       | |  3.0
Armour         | |  1.7
Dodging        | |  0.8
Invocations    | |  2.4

Action                   |  1- 3 |  4- 6 || total
-------------------------+-------+-------++-------
Melee: Short sword       |    36 |       ||    36
       Dagger            |   200 |   371 ||   571
       Headbutt          |       |    30 ||    30
Invok: Depart the Abyss  |     1 |       ||     1
  Use: Potion            |       |     2 ||     2
Armor: Leather armour    |   129 |   142 ||   271
Dodge: Dodged            |   203 |   237 ||   440

Table legend: (Time is in decaauts)
 A = Elapsed time spent in this place.
 B = Non-inter-level travel time spent in this place.
 C = Inter-level travel time spent in this place.
 D = Time resting spent in this place.
 E = Time spent auto-exploring this place.
 F = Levels seen in this place.
 G = Mean time per level.
                   A        B        C        D        E       F      G
               +--------+--------+--------+--------+--------+-----+--------+
         Total |   4753 |   4648 |    105 |      0 |   3646 |   6 |  792.2 |
       Dungeon |   4354 |   4249 |    105 |      0 |   3313 |   4 | 1088.5 |
         Abyss |     64 |     64 |      0 |      0 |     56 |   1 |   64.0 |
       Ossuary |    335 |    335 |      0 |      0 |    277 |   1 |  335.0 |
               +--------+--------+--------+--------+--------+-----+--------+

Top non-repeatable levels by time:
     D:1: 1612 daAuts
     D:2: 1348 daAuts
     D:3: 1210 daAuts
 Ossuary: 335 daAuts
     D:4: 183 daAuts
 Abyss:1: 64 daAuts
